 Dungeon Crawl Stone Soup version 0.20.1-1-g8b1a95d (webtiles) character file.

5643 Gargoyl the Protected (level 10, -2/86 HPs)
             Began as a Minotaur Abyssal Knight on July 17, 2017.
             Was an Elder of Lugonu.
             Slain by a two-headed ogre
             ... wielding a +0 giant club
              (13 damage)
             ... on level 9 of the Dungeon.
             The game lasted 00:16:17 (8177 turns).

Gargoyl the Protected (Minotaur Abyssal Knight)     Turns: 8177, Time: 00:16:18

Health: -2/86      AC: 23    Str: 18    XL:     10   Next: 46%
Magic:  13/13      EV:  7    Int:  9    God:    Lugonu [****..]
Gold:   521        SH:  0    Dex: 12    Spells: 9/9 levels left

rFire    . . .     SeeInvis .   x - +0 war axe
rCold    . . .     Gourm    .   (no shield)
rNeg     . . .     Faith    .   A - +1 plate armour
rPois    +         Spirit   .   (helmet restricted)
rElec    .         Reflect  .   w - +2 cloak
rCorr    .         Harm     .   (no gloves)
MR       .....     Rnd*Rage +   i - +0 pair of boots
Stlth    ..........             s - amulet of regeneration
Regen    0.7/turn               u - ring of poison resistance
MPRegen  0.2/turn               (no ring)

@: no status effects
A: retaliatory headbutt, horns 2, thin metallic scales 1, berserk 1
a: Depart the Abyss, Bend Space, Banish, Corrupt, Renounce Religion


You were on level 9 of the Dungeon.
You worshipped Lugonu.
Lugonu was greatly pleased with you.
You were not hungry.

You visited 1 branch of the dungeon, and saw 9 of its levels.
You visited the Abyss 1 time.

You collected 521 gold pieces.

Inventory:

Hand Weapons
 a - a +2 hand axe
 v - the +4 mace "Mumoosau" {holy, -Tele +Fly rPois Int+4}
   (You found it on level 5 of the Dungeon)

   It has been blessed by the Shining One to cause great damage to the undead
   and demons.
   It affects your intelligence (+4).
   It protects you from poison.
   It lets you fly.
   It prevents most forms of teleportation.
 x - a +0 war axe (weapon)
Missiles
 G - 2 javelins of returning (quivered)
Armour
 i - a +0 pair of boots (worn)
 w - a +2 cloak (worn)
 A - a +1 plate armour (worn)
Jewellery
 s - an amulet of regeneration (around neck)
 u - a ring of poison resistance (left hand)
Wands
 e - a wand of acid (3/15)
 m - a wand of digging (12/24)
 t - a wand of lightning (14/15)
 D - a wand of enslavement (3/24)
Scrolls
 b - a scroll of identify
 h - 2 scrolls of magic mapping
 E - a scroll of teleportation
 F - a scroll of recharging
Potions
 d - 2 potions of agility {unknown}
 f - 2 potions of cancellation
 g - 2 potions of flight {unknown}
 k - a potion of experience
 l - a potion of resistance {unknown}
 o - a potion of lignification {unknown}
 p - 2 potions of heal wounds {unknown}
 r - a potion of curing {unknown}
 z - a potion of degeneration {unknown}
 B - a potion of berserk rage {unknown}
Books
 n - a book of Maledictions

   Spells                             Type                      Level
   a - Corona                         Hexes                        1
   b - Ensorcelled Hibernation        Hexes/Ice                    2
   c - Confuse                        Hexes                        3
   d - Tukima's Dance                 Hexes                        3
   e - Dazzling Spray                 Conjuration/Hexes            3
 y - a book of Minor Magic

   Spells                             Type                      Level
   a - Magic Dart                     Conjuration                  1
   b - Blink                          Translocation                2
   c - Call Imp                       Summoning                    2
   d - Slow                           Hexes                        2
   e - Conjure Flame                  Conjuration/Fire             3
   f - Mephitic Cloud                 Conjuration/Poison/Air       3
Comestibles
 c - 8 bread rations
 j - 4 royal jellies
 q - 3 meat rations


   Skills:
 + Level 7.3 Fighting
 + Level 10.6 Axes
 * Level 11.8 Armour
 + Level 3.1 Dodging
 * Level 6.3 Invocations


You had 9 spell levels left.
You didn't know any spells.

Dungeon Overview and Level Annotations

Branches:
Dungeon (9/15)             Temple (0/1) D:6
   Lair: D:8-11         Orc: D:9-12

Altars:
Cheibriados
Elyvilon
Gozag
Hepliaklqana
Okawaru
Qazlal
Trog
Uskayaw
Vehumet
Yredelemnul


Innate Abilities, Weirdness & Mutations

You reflexively headbutt those who attack you in melee.
You have a pair of horns on your head.
You are partially covered in thin metallic scales. (AC +2)
You tend to lose your temper in combat.


Message History

The two-headed ogre is moderately wounded.
The two-headed ogre hits you with a giant club!!
The two-headed ogre hits you with a giant club!
Your plate armour prevents you from hitting the two-headed ogre.
The two-headed ogre is moderately wounded.
You slash the two-headed ogre!
The two-headed ogre is severely wounded.
The two-headed ogre hits you with a giant club!
* * * LOW HITPOINT WARNING * * *
The two-headed ogre hits you but does no damage.
You hit the two-headed ogre but do no damage.
Your headbutt misses the two-headed ogre.
The two-headed ogre is heavily wounded.
The two-headed ogre hits you with a giant club!
* * * LOW HITPOINT WARNING * * *
The two-headed ogre hits you but does no damage.
You slash the two-headed ogre!
The two-headed ogre is severely wounded.
The two-headed ogre hits you with a giant club!
You die...

..........##.#
#######.#.#(###
#.....###....#####
#>.#.## ##...(....
#..#..###.##.#####
#..#.#.#.........
#..###..#.##........
########..##.##.###.#.#
#%.%###@÷.......# #.#.
#[§(#.O#..##.##.# #...##
#÷÷..###..##.##.###..#..
########..##.##........#
####...(..##.####.#..
#.......####.##......
#.............>.#....
#.#....#####.###.....
#.#....# #.# #.....


You could see a two-headed ogre.

Vanquished Creatures
  A two-headed ogre (D:8)
  The ghost of Begomoth the Digger, a novice GrEE (D:5)
  Maurice (D:8)
  Prince Ribbit (D:7)
  A hippogriff (D:7)
  A wyvern (D:8)
  4 orc warriors
  An ice beast (D:6)
  3 sky beasts
  2 black bears (D:7)
  An ogre (D:8)
  3 centaurs
  4 bullfrogs
  A big kobold (D:7)
  5 scorpions
  A water moccasin skeleton (D:8)
  6 killer bees (D:8)
  4 wights (D:7)
  6 jellies
  A howler monkey (D:4)
  A crimson imp (D:5)
  2 quasits (D:8)
  2 bullfrog zombies (D:6)
  2 hounds (D:4)
  Crazy Yiuf (D:5)
  4 orc priests
  2 bullfrog skeletons
  6 iguanas
  7 orc wizards
  12 worker ants
  The ghost of Giltor the Sneak, a weakling SpAs (D:3)
  A hound skeleton (D:4)
  3 gnolls (D:7)
  8 adders
  2 shadow imps (D:6)
  An adder zombie (D:8)
  A worm (D:3)
  2 dart slugs
  8 leopard geckos
  28 orcs
  2 giant cockroaches
  2 goblins (D:3)
  5 hobgoblins
  10 jackals
  8 quokkas
  2 ball pythons
  11 bats
  4 frilled lizards
  14 kobolds
  7 rats
207 creatures vanquished.

Vanquished Creatures (others)
  5 starspawn tentacles (Abyss:1)
5 creatures vanquished.

Grand Total: 212 creatures vanquished

Notes
Turn   | Place    | Note
-------+----------+-------------------------------------------
     0 | Abyss:1  | Gargoyl the Minotaur Abyssal Knight began the quest for the Orb.
     0 | Abyss:1  | Reached XP level 1. HP: 19/19 MP: 1/1
    39 | Abyss:1  | Noticed a tentacled starspawn
    63 | Abyss:1  | Noticed a smoke demon
    64 | D:1      | Escaped the Abyss
   378 | D:1      | Reached * piety under Lugonu
   378 | D:1      | Reached XP level 2. HP: 25/27 MP: 2/2
   720 | D:1      | Reached skill level 3 in Armour
   776 | D:1      | Reached XP level 3. HP: 33/33 MP: 3/3
  1090 | D:2      | Found an iron altar of Okawaru.
  1581 | D:3      | Reached XP level 4. HP: 39/41 MP: 4/4
  1675 | D:3      | Reached ** piety under Lugonu
  1681 | D:3      | Noticed Giltor's ghost (weakling SpAs)
  1692 | D:3      | Killed Giltor's ghost
  1809 | D:3      | Reached skill level 4 in Armour
  2159 | D:3      | Found a hazy altar of Hepliaklqana.
  2297 | D:3      | Reached XP level 5. HP: 44/47 MP: 5/5
  2661 | D:4      | Reached XP level 6. HP: 51/55 MP: 7/7
  2719 | D:4      | Reached skill level 5 in Armour
  3041 | D:4      | Found an opulent altar of Gozag.
  3126 | D:4      | Reached skill level 5 in Fighting
  3627 | D:4      | Found a snail-covered altar of Cheibriados.
  3633 | D:4      | Found a hide-covered altar of Uskayaw.
  3639 | D:4      | Found a radiant altar of Vehumet.
  3819 | D:5      | Entered Level 5 of the Dungeon
  3876 | D:5      | Reached skill level 5 in Axes
  3876 | D:5      | Reached skill level 6 in Armour
  3876 | D:5      | Reached XP level 7. HP: 50/61 MP: 8/8
  3938 | D:5      | Got a pair of transparent boots
  3949 | D:5      | Identified the cursed +0 pair of boots of the Jackalope {*Drain Int+6} (You found it on level 5 of the Dungeon)
  3983 | D:5      | Found a stormy altar of Qazlal.
  4031 | D:5      | Noticed Begomoth's ghost (novice GrEE)
  4082 | D:5      | Killed Begomoth's ghost
  4082 | D:5      | Reached skill level 7 in Armour
  4520 | D:5      | Got an iridescent mace
  4521 | D:5      | Identified the +4 mace "Mumoosau" {holy, -Tele +Fly rPois Int+4} (You found it on level 5 of the Dungeon)
  4526 | D:5      | Found a runed door.
  4614 | D:5      | Found a white marble altar of Elyvilon.
  4623 | D:5      | Reached XP level 8. HP: 49/69 MP: 9/9
  4728 | D:5      | Noticed Crazy Yiuf
  4731 | D:5      | Killed Crazy Yiuf
  4849 | D:6      | Reached skill level 8 in Armour
  4993 | D:6      | Found a bloodstained altar of Trog.
  5080 | D:6      | Reached skill level 9 in Armour
  5257 | D:6      | Gained mutation: You are partially covered in thin metallic scales. (AC +2) [mutagenic meat]
  5258 | D:6      | Gained mutation: You tend to lose your temper in combat. [mutagenic meat]
  5304 | D:6      | Reached *** piety under Lugonu
  5748 | D:6      | Reached XP level 9. HP: 73/75 MP: 11/11
  5801 | D:6      | Found a staircase to the Ecumenical Temple.
  6027 | D:7      | Reached skill level 10 in Armour
  6110 | D:7      | Reached skill level 5 in Invocations
  6354 | D:7      | Noticed Prince Ribbit
  6380 | D:7      | Killed Prince Ribbit
  6528 | D:7      | Reached **** piety under Lugonu
  6942 | D:8      | Found a basalt altar of Yredelemnul.
  6952 | D:8      | Noticed Maurice
  7022 | D:7      | Reached skill level 11 in Armour
  7087 | D:8      | Killed Maurice
  7087 | D:8      | Reached skill level 10 in Axes
  7087 | D:8      | Reached XP level 10. HP: 86/86 MP: 13/13
  7127 | D:8      | Noticed a two-headed ogre
  7146 | D:8      | Killed a two-headed ogre
  8167 | D:9      | Noticed a two-headed ogre
  8177 | D:9      | Slain by a two-headed ogre

Skill      XL: |  1  2  3  4  5  6  7  8  9 10 |
---------------+-------------------------------+-----
Fighting       | 4 5 6 7 |  7.3
Invocations    | 2 3 4 5 6 |  6.3
Armour         | 3 4 6 7 9 11 | 11.8
Axes           | 3 4 5 7 10 | 10.6
Dodging        | 2 3 |  3.1

Action                   |  1- 3 |  4- 6 |  7- 9 | 10-12 || total
-------------------------+-------+-------+-------+-------++-------
Melee: Hand axe          |    93 |   181 |   124 |       ||   398
       Headbutt          |    13 |    31 |    80 |    25 ||   149
       War axe           |       |       |   293 |   122 ||   415
Invok: Depart the Abyss  |     1 |       |       |       ||     1
  Use: Scroll            |     6 |     2 |     7 |       ||    15
       Potion            |       |       |     2 |       ||     2
  Eat: Chunk             |     2 |     7 |     9 |     4 ||    22
       Bread ration      |       |       |     1 |       ||     1
Armor: Chain mail        |   101 |   147 |   109 |       ||   357
       Plate armour      |       |       |   254 |    99 ||   353
Dodge: Dodged            |    59 |    73 |   184 |    59 ||   375
